 Dungeon Crawl Stone Soup version 0.29-a0-383-g8b6f518c11 (webtiles) character file.

Game seed: 8753925703268508227

64511 LavaOrcPlayer the Severer (level 14, -1/139 HPs)
             Began as a Deep Dwarf Fighter on May 6, 2022.
             Was a Believer of Jiyva.
             Killed from afar by a balrug (42 damage)
             ... with a fireball
             ... created by the fury of Makhleb
             ... on level 6 of the Lair of Beasts.
             The game lasted 00:33:06 (16222 turns).

LavaOrcPlayer the Severer (Deep Dwarf Fighter)     Turns: 16222, Time: 00:33:06

Health: -1/139     AC: 22    Str: 29    XL:     14   Next: 72%
Magic:  1/1        EV: 12    Int: 11    God:    Jiyva [**....]
Gold:   1109       SH: 11    Dex:  7    Spells: 13/13 levels left

rFire   . . .      SeeInvis .   y - +5 broad axe (vorpal)
rCold   . . .      Faith    .   I - +0 kite shield
rNeg    + . .      Spirit   .   B - +1 plate armour
rPois   .          Reflect  .   h - +2 helmet
rElec   +          Harm     .   G - +0 cloak
rCorr   +          Rampage  .   Q - +0 pair of gloves
Will    ++...                   z - +0 pair of boots
Stlth   ..........              (no amulet)
HPRegen 0.96/turn               p - ring "Esichul" {rElec Str+6 Dex-5 Slay+5 Stlth+}
MPRegen 0.37/turn               k - +4 ring of evasion

@: flying (expiring), invisible
A: damage resistance, heal wounds, negative energy resistance 1, sense
surroundings 2, no regeneration
a: Heal Wounds, Renounce Religion


You were on level 6 of the Lair of Beasts.
You worshipped Jiyva.
Jiyva was pleased with you.
You visited 4 branches of the dungeon, and saw 20 of its levels.
You also visited: Ice Cave.

You collected 2065 gold pieces.
You spent 956 gold pieces at shops.

Inventory:

Hand Weapons
 y - a +5 vorpal broad axe (weapon)
 K - the +7 mace "Saluir" {venom, rPois rF+ Int-5 Stlth+}
   (You found it on level 5 of the Dungeon)

   It poisons the flesh of those it strikes.
   Int:       It affects your intelligence (-5).
   rF:        It protects you from fire.
   rPois:     It protects you from poison.
   Stlth:     It makes you more stealthy.
Armour
 h - a +2 helmet (worn)
 z - a +0 pair of boots (worn)
 B - a +1 plate armour (worn)
 G - a +0 cloak (worn)
 I - a +0 kite shield (worn)
 Q - a +0 pair of gloves (worn)
Jewellery
 e - a ring of resist corrosion
 k - a +4 ring of evasion (right hand)
 n - a ring of protection from cold
 p - the ring "Esichul" (left hand) {rElec Str+6 Dex-5 Slay+5 Stlth+}
   (You bought it in a shop on level 2 of the Orcish Mines)

   [ring of strength]

   Str:       It affects your strength (+6).
   Dex:       It affects your dexterity (-5).
   Slay:      It affects your accuracy & damage with ranged weapons and melee
   (+5).
   rElec:     It insulates you from electricity.
   Stlth:     It makes you more stealthy.
 r - a ring of protection from cold
 w - a +4 ring of protection
 x - a ring of ice
 F - a +6 ring of strength
 J - a ring of ice
 N - a ring of flight
 O - a ring of positive energy
 P - a ring of fire
 T - a ring of fire
Wands
 a - a wand of polymorph (23)
 M - a wand of mindburst (6)
 R - a wand of flame (14)
 S - a wand of iceblast (9)
Scrolls
 c - 2 scrolls of fog
 f - 4 scrolls of teleportation
 l - 4 scrolls of enchant armour
 m - 3 scrolls of magic mapping
 o - 2 scrolls of fear
 u - 2 scrolls of amnesia
 C - a scroll of enchant weapon
 D - 4 scrolls of blinking
 E - 2 scrolls of poison
Potions
 b - 3 potions of degeneration
 d - a potion of haste
 g - 7 potions of flight
 i - 6 potions of curing
 j - 3 potions of magic
 q - 3 potions of attraction
 s - 2 potions of brilliance
 t - 6 potions of mutation
 v - 5 potions of lignification
 H - a potion of resistance


   Skills:
 + Level 12.7 Fighting
 + Level 17.5 Axes
 - Level 2.1(10.7) Maces & Flails
 + Level 8.0 Armour
 + Level 7.3 Dodging
 - Level 1.1 Stealth
 + Level 14.6 Shields


You had 13 spell levels left.
You didn't know any spells.
Your spell library contained the following spells:

 Spells                   Type           Power      Damage    Failure   Level
 Animate Skeleton         Necr           0%         N/A       99%         1
 Apportation              Tloc           0%         N/A       99%         1
 Pain                     Necr           0%         1d4       99%         1
 Corpse Rot               Necr/Air       0%         N/A       100%        2
 Ensorcelled Hibernation  Hex/Ice        0%         N/A       100%        2
 Poisonous Vapours        Pois/Air       0%         N/A       100%        2
 Spider Form              Tmut/Pois      0%         N/A       100%        3
 Vampiric Draining        Necr           0%         2d6       100%        3
 Anguish                  Hex/Necr       0%         N/A       100%        4
 Alistair's Intoxication  Tmut/Pois      0%         N/A       100%        5
 Freezing Cloud           Conj/Ice/Air   0%         6-21      100%        5
 Summon Forest            Summ/Tloc      0%         N/A       100%        5
 Summon Mana Viper        Hex/Summ       0%         N/A       100%        5
 Simulacrum               Ice/Necr       0%         N/A       100%        6
 Summon Cactus Giant      Summ           0%         N/A       100%        6
 Polar Vortex             Ice            0%         N/A       100%        9


Dungeon Overview and Level Annotations

Branches:
Dungeon (11/15)            Temple (1/1) D:7            Lair (6/6) D:11
 Shoals (0/4) Lair:2       Spider (0/4) Lair:4        Slime (0/5) Lair:5
    Orc (2/2) D:11            Elf (0/3) Orc:2         IceCv (visited)

Altars:
Ashenzari
Cheibriados
Dithmenos
Elyvilon
Fedhas
Gozag
Hepliaklqana
Kikubaaqudgha
Makhleb
Nemelex Xobeh
Okawaru
Qazlal
Ru
Sif Muna
Trog
Uskayaw
Vehumet
Wu Jian
Xom
Yredelemnul
Zin
The Shining One
Beogh
Jiyva

Shops:
D:2 (   D:6 :?   Orc:2 [?*=

Annotations:
D:7 2 transporters, Essalna's ghost, amateur DsCj


Innate Abilities, Weirdness & Mutations

You are resistant to damage.
You can heal yourself by infusing magical energy.
You resist negative energy. (rN+)
You passively map the area around you.
You do not regenerate.


Message History

The fire dragon bites you but does no damage.
You block the fire dragon's attack.
The fire dragon tramples you but does no damage.
You hit the fire dragon.
The fire dragon is lightly wounded.
You slash the fire dragon!
The fire dragon is moderately wounded.
You block the fire dragon's attack. x2; The fire dragon tramples you!
You hold your ground!
You slice the fire dragon!!
The fire dragon is heavily wounded.
The fire dragon bites you!
The fire dragon claws you but does no damage.
The fire dragon closely misses you.
You closely miss the fire dragon.
The fire dragon is heavily wounded.
You slice the balrug!!
You are starting to lose your buoyancy.
The balrug hits you with a +2 demon whip of electrocution.
You are engulfed in flames!!
The fire dragon breathes flames at you. The blast of flame hits you!!
* * * LOW HITPOINT WARNING * * *
You fade into invisibility!
The balrug gestures at you. You block the sticky flame.
You block the fire dragon's attack.
The fire dragon claws you but does no damage.
The fire dragon barely misses you. The balrug closely misses you.
You feel much better.
The fire dragon bites you but does no damage.
The fire dragon claws you but does no damage.
The fire dragon tramples you but does no damage.
The balrug hits you with a +2 demon whip of electrocution!!
* * * LOW HITPOINT WARNING * * *
You are engulfed in flames!
* * * LOW HITPOINT WARNING * * *
You feel much better. The balrug gestures at you.
The fireball explodes!
The fireball engulfs you!!!
You die...

## * ** ..§#≈...9.#≈≈≈≈# *
≈###...§≈.. #..D##≈## **
≈≈§#..#≈≈≈≈###≈.S.#≈≈##
######§..§§§≈≈§§§≈§§##..≈§##*
≈≈#8#8#...#§≈≈######≈§#...≈§8#
##≈≈##....###§≈##....##§§...§§##*
#≈≈≈#.......#§≈#......#§§≈...§§##
≈§###.....÷...'.D....#§§§...§§8#
##≈##)...÷.÷...2@.....#≈§≈....≈##
#§§#.†.....÷§≈≈#......#≈§≈....≈8#
#§≈..........≈§##....##§≈§...≈≈##
..≈≈.........##≈######.≈....≈≈≈#
##≈≈........##§§§≈≈≈.§§§....≈≈≈#
###≈≈.#.....#§≈≈≈≈#.≈≈§#...≈≈#≈≈≈
###≈≈.#8#..## ##...##..÷.≈§##≈≈
.###§§###8## *##..........≈## ##
.# #8≈≈#### ≈ #..........§§# #


You could see a fire dragon (can't see you) and a balrug.

Vanquished Creatures
  A frost giant (IceCv)
  A blizzard demon (Lair:6)
  Snorg (Lair:3)
  Fannar (Lair:3)
  Josephine (Lair:4)
  4 hydras
  3 two-headed ogres
  14 death yaks
  3 orc high priests (Orc:2)
  Nergalle (D:11)
  Lodul (D:11)
  A lindwurm (Lair:6)
  5 orc knights (Orc:2)
  A deep elf pyromancer (D:11)
  4 orc sorcerers (Orc:2)
  A cyclops (D:11)
  An ice statue (IceCv)
  A merfolk siren (Lair:2)
  10 elephants
  2 molten gargoyles (Lair:6)
  6 black mambas
  2 orange demons (Lair:6)
  11 cane toads
  10 rime drakes
  13 komodo dragons
  A hellwing (Orc:2)
  6 polar bears
  5 trolls
  6 blink frogs
  4 dream sheep (Lair:6)
  Sigmund (D:2)
  A shadow (D:11)
  4 wraiths (Lair:4)
  31 yaks
  Eustachio (D:5)
  A ynoxinul (Orc:2)
  A vampire (D:11)
  4 wyverns
  7 steam dragons
  9 basilisks
  2 redbacks (Lair:4)
  3 vampire mosquitoes (D:11)
  A warg (Orc:2)
  Duvessa (D:4)
  20 water moccasins
  3 hell hounds (Lair:6)
  26 orc warriors
  A black bear (D:11)
  A sky beast (D:6)
  7 ice beasts
  10 ogres
  20 wolves
  3 centaurs
  A phantom (D:6)
  2 kobold brigands
  14 bullfrogs
  A gnoll sergeant (D:5)
  5 scorpions
  3 necrophages
  13 wights
  Dowan (D:4)
  8 electric eels
  2 howler monkeys
  3 lava snakes (Lair:6)
  A hound (D:5)
  3 jellies
  25 orc priests
  23 orc wizards
  4 iguanas
  Ijyb (D:5)
  2 hell rats (Lair:3)
  6 gnolls
  4 adders
  10 river rats (Lair:3)
  A shadow imp (D:6)
  14 white imps
  A dart slug (D:1)
  79 orcs
  12 ball pythons
  4 endoplasms
  3 giant cockroaches
  2 goblins
  3 hobgoblins
  4 jackals
  2 quokkas (D:3)
  3 frilled lizards
  12 kobolds
  11 rats
562 creatures vanquished.

Vanquished Creatures (others)
  A cane toad (Lair:2)
  A wyvern (Lair:6)
  2 orc warriors (Orc:2)
  An ogre (Orc:2)
  22 jellies
  2 orc wizards (Orc:2)
  4 orcs
  33 fungi
  67 plants
133 creatures vanquished.

Grand Total: 695 creatures vanquished

Notes
Turn   | Place    | Note
-------+----------+-------------------------------------------
     0 | D:1      | LavaOrcPlayer the Deep Dwarf Fighter began the quest for
                  | the Orb.
     0 | D:1      | Reached XP level 1. HP: 20/20 MP: 1/1
   256 | D:1      | Reached XP level 2. HP: 24/27 MP: 2/2
   380 | D:1      | Reached skill level 3 in Axes
  1155 | D:2      | Noticed Sigmund
  1174 | D:2      | Killed Sigmund
  1175 | D:2      | Reached skill level 5 in Axes
  1175 | D:2      | Reached skill level 1 in Stealth
  1175 | D:2      | Reached XP level 3. HP: 17/34 MP: 2/2
  1175 | D:2      | Reached XP level 4. HP: 22/42 MP: 3/3
  1175 | D:2      | Reached XP level 5. HP: 25/49 MP: 4/4
  1247 | D:2      | Found Quiplih's Antique Weapon Shop.
  1252 | D:2      | Found a faded altar of an unknown god.
  1534 | D:3      | Reached skill level 1 in Dodging
  1757 | D:3      | Reached XP level 6. HP: 37/56 MP: 4/4
  1767 | D:3      | Reached skill level 6 in Axes
  2128 | D:4      | Found a shimmering blue altar of Sif Muna.
  2138 | D:4      | Found a stormy altar of Qazlal.
  2146 | D:4      | Found a shimmering altar of Xom.
  2159 | D:4      | Noticed Dowan
  2159 | D:4      | Noticed Duvessa
  2176 | D:4      | Killed Duvessa
  2179 | D:4      | Killed Dowan
  2180 | D:4      | Reached skill level 7 in Axes
  2450 | D:4      | Found a hazy altar of Hepliaklqana.
  2452 | D:4      | Found a faded altar of an unknown god.
  2458 | D:4      | HP: 1/56 [something (6)]
  2669 | D:5      | Entered Level 5 of the Dungeon
  2720 | D:5      | Noticed Eustachio
  2721 | D:5      | Reached XP level 7. HP: 39/62 MP: 4/4
  2758 | D:5      | Killed Eustachio
  2759 | D:5      | Reached skill level 8 in Axes
  2916 | D:5      | Noticed Ijyb
  2924 | D:5      | Reached skill level 9 in Axes
  2924 | D:5      | Reached XP level 8. HP: 55/73 MP: 5/5
  2927 | D:5      | Killed Ijyb
  3080 | D:5      | Noticed a troll
  3093 | D:5      | Killed a troll
  3094 | D:5      | Reached skill level 10 in Axes
  3487 | D:5      | Identified the +7 mace "Saluir" {venom, rPois rF+ Int-5
                  | Stlth+}
  3571 | D:6      | Reached skill level 1 in Maces & Flails
  3615 | D:6      | Reached skill level 11 in Axes
  3643 | D:6      | Found Xocooh's Book Shoppe.
  3655 | D:6      | Gained mutation: You passively map the area around you.
                  | [Deep Dwarf growth]
  3655 | D:6      | Reached XP level 9. HP: 46/80 MP: 6/6
  3758 | D:6      | Identified the +8 falchion of Uncomfortable Rashes {holy,
                  | rElec rC+ Will-}
  3850 | D:6      | Reached skill level 5 in Fighting
  3866 | D:6      | Reached skill level 5 in Shields
  3881 | D:6      | Found Miteh's Magic Scroll Emporium.
  4219 | D:7      | Found a transporter.
  4219 | D:7      | Noticed Essalna's ghost (amateur DsCj)
  4231 | D:7      | Found a transporter.
  4277 | D:7      | Reached skill level 12 in Axes
  4322 | D:7      | Found a staircase to the Ecumenical Temple.
  4348 | Temple   | Entered the Ecumenical Temple
  4540 | Temple   | Became a worshipper of Makhleb the Destroyer
  5079 | D:7      | Identified a scroll of acquirement
  5079 | D:7      | Acquired a +4 vorpal broad axe
  5188 | D:8      | Reached XP level 10. HP: 64/92 MP: 5/5
  5443 | D:8      | You fall into a shaft and drop 2 floors!
  5443 | D:10     | Entered Level 10 of the Dungeon
  5504 | D:10     | Reached * piety under Makhleb
  5992 | D:8      | Reached skill level 13 in Axes
  6197 | D:8      | Reached ** piety under Makhleb
  6371 | D:9      | Noticed a two-headed ogre
  6379 | D:9      | Killed a two-headed ogre
  7325 | D:11     | Reached XP level 11. HP: 81/103 MP: 5/5
  7371 | D:11     | Noticed Nergalle
  7380 | D:11     | Killed Nergalle
  7574 | D:11     | Noticed Lodul
  7605 | D:11     | Killed Lodul
  7606 | D:11     | Reached skill level 14 in Axes
  7615 | D:11     | Reached skill level 10 in Shields
  7638 | D:11     | Reached *** piety under Makhleb
  7765 | D:11     | Noticed a deep elf pyromancer
  7775 | D:11     | Killed a deep elf pyromancer
  7948 | D:11     | Found a staircase to the Lair.
  8036 | D:11     | Found a staircase to the Orcish Mines.
  8090 | Lair:1   | Entered Level 1 of the Lair of Beasts
  8177 | Lair:1   | Noticed a four-headed hydra
  8189 | Lair:1   | Killed a four-headed hydra
  9091 | Lair:2   | Reached XP level 12. HP: 82/116 MP: 5/5
  9236 | Lair:2   | Reached skill level 15 in Axes
  9243 | Lair:2   | Reached skill level 10 in Fighting
  9357 | Lair:2   | Found a staircase to the Shoals.
  9424 | Lair:2   | Reached **** piety under Makhleb
 10250 | Lair:3   | Noticed Fannar
 10266 | Lair:3   | Killed Fannar
 10351 | Lair:3   | Noticed Snorg
 10367 | Lair:3   | Killed Snorg
 10995 | Lair:4   | Noticed Josephine
 11005 | Lair:4   | Killed Josephine
 11082 | Lair:4   | Found a hole to the Spider Nest.
 11104 | Lair:4   | Reached skill level 16 in Axes
 11715 | Lair:5   | Identified the +8 rapier of Contradiction {chaos, Dex+4}
 11762 | Lair:5   | Reached XP level 13. HP: 80/127 MP: 3/3
 11806 | Lair:5   | Found a frozen archway.
 11813 | Lair:5   | Reached ***** piety under Makhleb
 11869 | IceCv    | Entered an ice cave
 12025 | IceCv    | HP: 4/127 [death yak (20)]
 12065 | IceCv    | Noticed a frost giant
 12083 | IceCv    | Killed a frost giant
 12252 | IceCv    | Reached skill level 5 in Armour
 12728 | Lair:5   | Found a staircase to the Slime Pits.
 12729 | Lair:5   | Found a viscous altar of Jiyva.
 12769 | Lair:5   | Fell from the grace of Makhleb
 12769 | Lair:5   | Became a worshipper of Jiyva Jeixan the Shapeless
 13012 | Lair:6   | Entered Level 6 of the Lair of Beasts
 13166 | Orc:1    | Entered Level 1 of the Orcish Mines
 13669 | Orc:1    | Reached * piety under Jiyva
 13797 | Orc:2    | Entered Level 2 of the Orcish Mines
 14018 | Orc:2    | Found a staircase to the Elven Halls.
 14093 | Orc:2    | Reached skill level 5 in Dodging
 14145 | Orc:2    | Paralysed by an orc sorcerer for 2 turns
 14518 | Orc:2    | Gained mutation: You resist negative energy. (rN+) [Deep
                  | Dwarf growth]
 14518 | Orc:2    | Reached XP level 14. HP: 136/138 MP: 1/1
 14593 | Orc:2    | Found Mainolek's Magic Scroll Emporium.
 14593 | Orc:2    | Found Zatiz's Armour Emporium.
 14604 | Orc:2    | Found Ezxerch's Jewellery Boutique.
 14604 | Orc:2    | Found Benia's Assorted Antiques.
 14614 | Orc:2    | Bought a heavily runed jade ring for 125 gold pieces
 14614 | Orc:2    | Identified the ring "Esichul" {rElec Str+6 Dex-5 Slay+5
                  | Stlth+} (You bought it in a shop on level 2 of the Orcish
                  | Mines)
 14622 | Orc:2    | Bought a +4 ring of protection for 360 gold pieces
 14624 | Orc:2    | Bought a scroll of teleportation for 45 gold pieces
 14624 | Orc:2    | Bought a scroll of blinking for 112 gold pieces
 14624 | Orc:2    | Bought a scroll of enchant weapon for 112 gold pieces
 14624 | Orc:2    | Bought a scroll of enchant armour for 112 gold pieces
 14624 | Orc:2    | Bought a scroll of teleportation for 45 gold pieces
 14624 | Orc:2    | Bought a scroll of teleportation for 45 gold pieces
 15060 | Lair:6   | Reached skill level 17 in Axes
 15126 | Lair:6   | Reached ** piety under Jiyva
 15941 | Lair:6   | Found a large runed translucent door.
 15941 | Lair:6   | Found a large runed translucent door.
 16004 | Lair:6   | Noticed a balrug
 16222 | Lair:6   | Killed from afar by a balrug

Illustrated notes

Levels and vault maps discovered:
D:1:      dpeg_arrival_radiant, layout_loops_corners, serial_aquarium,
          aquarium_bridge_square [aquarium_subvault_bridge,
          aquarium_subvault_bridge, aquarium_subvault_wall,
          aquarium_subvault_window], aquarium_window_2, aquarium_window_fake,
          aquarium_window_2, aquarium_window_corner, aquarium_view_2d,
          aquarium_view_2a, item_on_display_a
D:2:      layout_rooms, hellmonk_ecumenical_altar_prayer_group, serial_shops,
          shop, uniq_sigmund
D:3:      layout_loops_ring
D:4:      layout_rooms, grunt_temple_overflow_open,
          beargit_hepliaklqana_dungeon_heroes, uniq_duvessa
D:5:      kennysheep_big_flooded_room, layout_basic, uniq_eustachio, uniq_ijyb
D:6:      layout_cave_pools, serial_shops, nicolae_shop_behind_doors,
          nicolae_take_the_stairs
D:7:      layout_basic, temple_doors_e, gammafunk_ghost_stat_death,
          minmay_misc_feat_four_crosses
D:8:      layout_basic, hellmonk_bongcloud_opening
D:9:      layout_roguey, kennysheep_small_square
D:10:     layout_irregular_city, serial_column_ruins,
          column_ruins_square_medium, column_ruins_grid_1,
          column_ruins_open_small, column_ruins_open_small,
          column_ruins_open_tiny, grunt_decor_resistance
D:11:     layout_irregular_city, grunt_lair_entry_orc_guard_hut, erik_orc_2,
          chequers_serial_rivers_room_b, fungi_pond_lemuel, uniq_nergalle,
          uniq_lodul
Temple:   regret_index_temple_mists
Lair:1:   layout_cave_pods, infiniplex_staircase_pool_2
Lair:2:   layout_gridlike, elwin_shoals_entry_rooms, infiniplex_staircase_pool
Lair:3:   layout_cave_pods, st_stairs_9, kennysheep_rathole, grunt_megastairs_4,
          uniq_snorg, uniq_fannar
Lair:4:   layout_cave_pods, spider_nest_entry_webs, uniq_josephine
Lair:5:   layout_big_grid, slime_altar_1, portal_ice_cave_entry_imps,
          wad_woods_road_04, grunt_megastairs_1, serial_bayou_shore_b
Lair:6:   cheibrodos_lair_end_hotspot, layout_loops_ring,
          nicolae_lair_grazing_beasts [nicolae_sub_lair_graze_edge,
          nicolae_sub_lair_graze_edge, nicolae_sub_lair_graze_edge,
          nicolae_sub_lair_graze_edge], serial_bayou_shore_b,
          serial_bayou_shore_b
Orc:1:    layout_diamond_mine
Orc:2:    st_orc_elflike, layout_caves, basic_altar

Skill      XL: |  1  2  3  4  5  6  7  8  9 10 11 12 13 14 |
---------------+-------------------------------------------+-----
Axes           | 5 7 9 11 12 13 14 16 17 | 17.5
Fighting       | 3 4 6 8 9 11 12 | 12.7
Stealth        | 1 |  1.1
Dodging        | 1 5 7 |  7.3
Shields        | 4 6 9 11 12 13 14 | 14.6
Maces & Flails | 1 2 |  2.1
Armour         | 6 8 |  8.0

Action                   |  1- 3 |  4- 6 |  7- 9 | 10-12 | 13-15 || total
-------------------------+-------+-------+-------+-------+-------++-------
Melee: War axe           |    72 |   123 |    92 |       |       ||   287
       Mace              |       |       |   146 |       |    53 ||   199
       Punch             |       |       |     1 |       |       ||     1
       Broad axe         |       |       |    10 |   491 |   590 ||  1091
 Abil: Heal Wounds       |     1 |     6 |    13 |    12 |     6 ||    38
Evoke: Wand              |       |       |     2 |    39 |    13 ||    54
  Use: Scroll            |       |       |    17 |     9 |     6 ||    32
       Potion            |       |       |     1 |    14 |    16 ||    31
 Stab: Paralysed         |       |       |       |     3 |       ||     3
Armor: Scale mail        |    30 |       |       |       |       ||    30
       Chain mail        |     4 |    31 |       |       |       ||    35
       Plate armour      |       |    21 |   136 |   174 |   307 ||   638
Dodge: Dodged            |    42 |    61 |   140 |   184 |   199 ||   626
Block: Buckler           |    13 |    20 |    26 |       |       ||    59
       Kite shield       |       |       |   104 |   257 |   379 ||   740

Table legend: (Time is in decaauts)
 A = Elapsed time spent in this place.
 B = Non-inter-level travel time spent in this place.
 C = Inter-level travel time spent in this place.
 D = Time resting spent in this place.
 E = Time spent auto-exploring this place.
 F = Levels seen in this place.
 G = Mean time per level.
                   A        B        C        D        E       F      G
               +--------+--------+--------+--------+--------+-----+--------+
         Total |  16285 |  14949 |   1336 |    756 |  10757 |  21 |  775.5 |
       Dungeon |   8057 |   7493 |    564 |    110 |   5721 |  11 |  732.5 |
        Temple |    282 |    206 |     76 |      0 |    186 |   1 |  282.0 |
          Lair |   5559 |   5004 |    555 |    372 |   3650 |   6 |  926.5 |
  Orcish Mines |   1697 |   1557 |    140 |    274 |    885 |   2 |  848.5 |
      Ice Cave |    688 |    688 |      0 |      0 |    314 |   1 |  688.0 |
               +--------+--------+--------+--------+--------+-----+--------+

Top non-repeatable levels by time:
  Lair:6: 1156 daAuts
  Lair:1: 1033 daAuts
  Lair:2: 1021 daAuts
     D:1: 996 daAuts
     D:8: 970 daAuts
   Orc:1: 929 daAuts
  Lair:3: 916 daAuts
     D:5: 870 daAuts
     D:7: 862 daAuts
    D:11: 861 daAuts
  Lair:4: 779 daAuts
   Orc:2: 768 daAuts
   IceCv: 688 daAuts
  Lair:5: 652 daAuts
    D:10: 646 daAuts
